[Event "Team 45 45 League T85"]
[Site "Internet Chess Club"]
[Date "2020.07.19"]
[Round "3"]
[White "dabodhi"]
[Black "sdcohle"]
[Result "0-1"]
[WhiteElo "1296"]
[BlackElo "1275"]
[Opening "French: Rubinstein variation"]
[ECO "C03"]
[Time "15:05:18"]
[TimeControl "2700+45"]

1. e4 e6 2. d4 d5 3. Nd2 dxe4 4. Nxe4 Nd7 5. Nf3 Ngf6 6. Bd3 Be7 7. Qe2 O-O 8.
O-O b6 9. c3 Bb7 10. Bg5 Bxe4 11. Bxe4 Nxe4 12. Bxe7 Qxe7 13. Qxe4 Nf6 14. Qh4
c5 15. Rfe1 cxd4 16. Nxd4 Nd5 17. Qg3 Qc7 18. Qf3 a6 19. Rad1 Rad8 20. g3 Rd6
21. a4 Qc4 22. Qd3 Qxd3 23. Rxd3 Rfd8 24. Red1 Nf6 25. f4 Ng4 {White forfeits on
time} 0-1

[Event "Team 45 45 League T85"]
[Site "Internet Chess Club"]
[Date "2020.07.15"]
[Round "3"]
[White "dwmt"]
[Black "Just-Jim"]
[Result "1-0"]
[WhiteElo "1221"]
[BlackElo "1247"]
[Opening "Polish: Outflank variation"]
[ECO "A00"]
[Time "14:06:31"]
[TimeControl "2700+45"]

1. b4 c6 2. Bb2 Na6 3. a3 Qb6 4. Nf3 c5 5. c3 d6 6. Qa4+ Bd7 7. Qd1 e5 8. e4 Be7
9. d3 Nf6 10. g3 cxb4 11. axb4 Ng4 12. d4 exd4 13. Qxd4 Qxd4 14. Nxd4 Bf6 15.
Bxa6 bxa6 16. f3 Ne3 17. Na3 Bxd4 18. cxd4 Rb8 19. Bc3 Rc8 20. Kd2 Nc4+ 21. Nxc4
Rxc4 22. Rxa6 Rc7 23. Rha1 O-O 24. Rxa7 Rxa7 25. Rxa7 Bb5 26. Ke3 Rc8 27. Kd2
Bf1 28. Rd7 Bg2 29. Rxd6 Bxf3 30. Kd3 Re8 31. e5 Bg4 32. d5 h6 33. Kd4 Bf5 34.
Kc5 Rc8+ 35. Rc6 Rd8 36. d6 Be4 37. Rc7 Bf5 38. b5 Kf8 39. b6 Bc8 40. b7 Be6 41.
Ba5 Rb8 42. Kb6 Ke8 43. Ka7 Rxb7+ 44. Kxb7 Bd5+ 45. Kb8 Be6 46. Re7+ Kf8 47. Kc7
g5 48. Kd8 Kg7 49. d7 Kg6 50. Ke8 Bxd7+ 51. Kxd7 h5 52. Ke8 f6 53. e6 f5 54. Rf7
h4 55. gxh4 g4 56. Bc7 Kh5 57. Bg3 Kg6 58. e7 {Black resigns} 1-0

[Event "Team 45 45 League T85"]
[Site "Internet Chess Club"]
[Date "2020.07.18"]
[Round "3"]
[White "noblitz-oblige"]
[Black "mongmong"]
[Result "1-0"]
[WhiteElo "1498"]
[BlackElo "1421"]
[Opening "French: exchange variation"]
[ECO "C01"]
[Time "12:03:17"]
[TimeControl "2700+45"]

1. e4 e6 2. d4 d5 3. exd5 exd5 4. Nf3 Bd6 5. Be2 Ne7 6. O-O O-O 7. Nc3 c6 8. Re1
Bg4 9. Ne5 Bxe2 10. Qxe2 Nd7 11. Nf3 Nb6 12. Qd3 Qd7 13. a3 Qf5 14. Qd1 Rfe8 15.
Ne2 Ng6 16. c3 h6 17. Ng3 Qd7 18. Bd2 Rxe1+ 19. Bxe1 Re8 20. Bd2 Nc4 21. Qc2
Nxd2 22. Qxd2 Bxg3 23. hxg3 Re6 24. Re1 Qe7 25. Rxe6 Qxe6 26. Qe1 Qxe1+ 27. Nxe1
f6 28. Nd3 b6 29. Kf1 Kf7 30. Ke2 Ke6 31. Kf3 f5 32. Nf4+ Nxf4 33. Kxf4 g5+ 34.
Ke3 h5 35. f4 Kf6 36. Kf3 Kg6 37. Ke3 h4 38. fxg5 Kxg5 39. gxh4+ Kxh4 40. Kf4
Kh5 41. Kxf5 Kh4 42. g4 {Black resigns} 1-0

[Event "Team 45 45 League T85"]
[Site "Internet Chess Club"]
[Date "2020.07.19"]
[Round "3"]
[White "g8wrb"]
[Black "oldprez1"]
[Result "0-1"]
[WhiteElo "1245"]
[BlackElo "1265"]
[Opening "Nimzovich-Larsen attack: Indian variation"]
[ECO "A01"]
[Time "12:10:25"]
[TimeControl "2700+45"]

1. b3 Nf6 2. Bb2 g6 3. e4 d6 4. Nc3 Bg7 5. d4 O-O 6. Nf3 Nc6 7. Qd3 e5 8. d5 Nb4
9. Qd2 Ng4 10. a3 Na6 11. Bxa6 Bh6 12. Qe2 bxa6 13. O-O f5 14. h3 Nf6 15. exf5
Bxf5 16. g4 Nxg4 17. Qxa6 Nf6 18. Kg2 Qd7 19. Ng1 Bxh3+ 20. Nxh3 Qg4+ 21. Kh2
Bf4+ 22. Nxf4 Qxf4+ 23. Kg1 Ng4 {White resigns} 0-1

[Event "Team 45 45 League T85"]
[Site "Internet Chess Club"]
[Date "2020.07.18"]
[Round "3"]
[White "OGO"]
[Black "seattleblues"]
[Result "0-1"]
[WhiteElo "1164"]
[BlackElo "1263"]
[Opening "Réti opening"]
[ECO "A05"]
[Time "21:09:54"]
[TimeControl "2700+45"]

1. Nf3 Nf6 2. g3 c6 3. Bg2 d5 4. O-O Bf5 5. Nc3 e6 6. d3 Bd6 7. Re1 O-O 8. Bg5
h6 9. Bh4 Be7 10. Bxf6 Bxf6 11. Qd2 Nd7 12. e4 dxe4 13. dxe4 Bh7 14. Rad1 Nb6
15. e5 Be7 16. Qe3 Qc7 17. Rd2 Nc4 18. Qe2 Nxd2 19. Qxd2 Rad8 20. Qe3 b6 21. Ne4
Rd5 22. Re2 Rfd8 23. h3 R8d7 24. Rd2 Rxd2 25. Nfxd2 Qxe5 26. Nc4 Qd4 27. Qxd4
Rxd4 28. Ncd2 f5 29. Nb3 Rd1+ 30. Kh2 fxe4 {White resigns} 0-1

[Event "Team 45 45 League T85"]
[Site "Internet Chess Club"]
[Date "2020.07.19"]
[Round "3"]
[White "Visin"]
[Black "kingsrook"]
[Result "1-0"]
[WhiteElo "1260"]
[BlackElo "1152"]
[Opening "Sicilian: Najdorf"]
[ECO "B90"]
[Time "13:00:36"]
[TimeControl "2700+45"]

1. e4 c5 2. Nf3 d6 3. d4 cxd4 4. Nxd4 Nf6 5. Nc3 a6 6. Bd2 Qb6 7. Nb3 e6 8. Be2
Nbd7 9. Be3 Qc7 10. O-O Be7 11. f4 b5 12. Bf3 Rb8 13. a3 O-O 14. Nd4 Bb7 15. Qe2
Ba8 16. Bf2 Rfe8 17. Bg3 e5 18. Nf5 exf4 19. Bxf4 d5 20. Bxc7 Rbc8 21. Bd6 Bd8
22. Qd2 dxe4 23. Be2 {Black forfeits on time} 1-0

[Event "Team 45 45 League T85"]
[Site "Internet Chess Club"]
[Date "2020.07.19"]
[Round "3"]
[White "rookmaster23"]
[Black "LuFran"]
[Result "0-1"]
[WhiteElo "1670"]
[BlackElo "1762"]
[Opening "French: MacCutcheon, Lasker variation, 8...g6"]
[ECO "C12"]
[Time "16:00:28"]
[TimeControl "2700+45"]

1. e4 e6 2. d4 d5 3. Nc3 Nf6 4. Bg5 Bb4 5. e5 h6 6. Bd2 Bxc3 7. bxc3 Ne4 8. Qg4
g6 9. Bd3 Nxd2 10. Kxd2 c5 11. Nf3 Bd7 12. h4 Qe7 13. Rab1 Bc6 14. Qf4 Nd7 15.
Bb5 Bxb5 16. Rxb5 b6 17. g4 cxd4 18. cxd4 Rc8 19. Rb3 Rc4 20. Qe3 Nb8 21. h5 g5
22. Rhb1 Nc6 23. Rc3 O-O 24. Rxc4 dxc4 25. Qe4 Qc7 26. c3 Ne7 27. Ng1 Nd5 28.
Nh3 Rb8 29. f4 b5 30. fxg5 b4 31. cxb4 c3+ 32. Kc1 Nxb4 33. gxh6 Qc4 34. Rxb4
Qxb4 35. Qe3 Qb1# {White checkmated} 0-1

[Event "Team 45 45 League T85"]
[Site "Internet Chess Club"]
[Date "2020.07.18"]
[Round "3"]
[White "julesraider"]
[Black "sburreus09"]
[Result "1-0"]
[WhiteElo "1589"]
[BlackElo "1507"]
[Opening "Old Indian: Tartakower (Wade) variation"]
[ECO "A41"]
[Time "15:01:01"]
[TimeControl "2700+45"]

1. d4 d6 2. Nf3 Bg4 3. g3 Nd7 4. Bg2 c6 5. h3 Bh5 6. c4 Qc7 7. Nc3 Ngf6 8. Bf4
e5 9. dxe5 dxe5 10. Be3 Bb4 11. Qc2 Bg6 12. Qb3 Bd6 13. Nh4 Nc5 14. Bxc5 Bxc5
15. Rd1 O-O 16. Nxg6 hxg6 17. O-O Rad8 18. Na4 Be7 19. Qe3 b6 20. a3 c5 21. Nc3
a6 22. Nd5 Nxd5 23. Bxd5 Kh7 24. g4 Bh4 25. Qe4 Qe7 26. f4 exf4 27. Qxe7 Bxe7
28. e4 fxe3 29. Rde1 Bf6 30. Re2 Rde8 31. Kg2 Re7 32. Kg3 Bd4 33. h4 f5 34. gxf5
gxf5 35. Kf3 Rf6 36. h5 Rh6 37. Rh1 g5 38. hxg6+ Kxg6 39. Rg2+ Kh7 40. Bg8+ Kh8
41. Rxh6+ Rh7 42. Rxh7# {Black checkmated} 1-0

[Event "Team 45 45 League T85"]
[Site "Internet Chess Club"]
[Date "2020.07.17"]
[Round "3"]
[White "olivermx"]
[Black "clarinetref"]
[Result "1/2-1/2"]
[WhiteElo "1360"]
[BlackElo "1413"]
[Opening "Robatsch defense: Pseudo-Austrian attack"]
[ECO "B06"]
[Time "21:13:51"]
[TimeControl "2700+45"]

1. e4 g6 2. d4 Bg7 3. Nc3 d6 4. f4 e6 5. Nf3 Ne7 6. Bd3 Nd7 7. Be3 c5 8. e5 cxd4
9. Bxd4 dxe5 10. Nxe5 Nxe5 11. Bxe5 O-O 12. Bxg7 Kxg7 13. Qd2 a6 14. O-O-O b5
15. Qf2 Qc7 16. Kb1 Bd7 17. h4 h5 18. Be2 Nf5 19. g4 Bc6 20. Rh2 hxg4 21. Bxg4
Rh8 22. h5 b4 23. Ne2 Be4 24. Rc1 Rac8 25. Nd4 Qc5 26. Nxf5+ exf5 27. Qxc5 Rxc5
28. Be2 a5 29. b3 Rhc8 30. h6+ Kh7 31. Bc4 R8c7 32. Rd1 a4 33. Rd8 axb3 34. axb3
Ra7 35. Rf8 Rca5 36. Rxf7+ Rxf7 37. Bxf7 Ra6 38. Kb2 Rf6 39. Bc4 Rd6 {Game drawn
by mutual agreement} 1/2-1/2

[Event "Team 45 45 League T85"]
[Site "Internet Chess Club"]
[Date "2020.07.19"]
[Round "3"]
[White "zugknightly"]
[Black "Portola"]
[Result "1-0"]
[WhiteElo "1676"]
[BlackElo "1693"]
[Opening "English: Neo-Catalan declined"]
[ECO "A14"]
[Time "14:01:23"]
[TimeControl "2700+45"]

1. c4 e6 2. g3 d5 3. Bg2 Nf6 4. Nf3 Be7 5. O-O O-O 6. Qc2 Nbd7 7. b3 c6 8. Bb2
b6 9. d3 Bb7 10. Nc3 Rc8 11. e4 Qc7 12. Rfe1 dxe4 13. dxe4 e5 14. h3 Rfe8 15.
Rad1 Rcd8 16. Qe2 a6 17. a3 Bf8 18. b4 g6 19. Bc1 Nh5 20. Nh2 a5 21. b5 Nc5 22.
Ng4 Ne6 23. bxc6 Bxc6 24. Nd5 Bxd5 25. cxd5 Nd4 26. Qb2 Qd6 27. a4 Bg7 28. Nh6+
Bxh6 29. Bxh6 f6 30. Be3 Rc8 31. Bxd4 exd4 32. Qxd4 Rc2 33. Rd2 Rec8 34. Rxc2
Rxc2 35. Qd3 Qc5 36. Qe3 Qb4 37. Rd1 Qd6 38. Bf1 Kg7 39. Rb1 Rc5 40. Qb3 Qe5 41.
Qxb6 Rc2 42. Qe3 Rc3 43. Rb7+ Kg8 44. Bd3 Ra3 45. Qa7 Qxg3+ 46. fxg3 Ra1+ 47.
Bb1 {Black resigns} 1-0

[Event "Team 45 45 League T85"]
[Site "Internet Chess Club"]
[Date "2020.07.18"]
[Round "3"]
[White "justice02"]
[Black "scostanzo212"]
[Result "1/2-1/2"]
[WhiteElo "1534"]
[BlackElo "1568"]
[Opening "Sicilian"]
[ECO "B50"]
[Time "20:03:58"]
[TimeControl "2700+45"]

1. e4 c5 2. Nf3 d6 3. c3 Nf6 4. d3 Nc6 5. Be2 a6 6. Nbd2 b5 7. a4 Bb7 8. axb5
axb5 9. Rxa8 Qxa8 10. O-O e6 11. Re1 Be7 12. Qc2 O-O 13. Nf1 Qa2 14. h3 Na5 15.
Be3 Ra8 16. N1d2 Nd7 17. Rb1 Bf6 18. Bd1 Nb6 19. Qc1 Nc6 20. b4 Qa3 21. bxc5
Qxc1 22. Rxc1 dxc5 23. Bxc5 Na4 24. Bxa4 bxa4 25. d4 a3 26. Ra1 a2 27. Nb3 Na5
28. Nxa5 Rxa5 29. e5 Bxf3 30. gxf3 Bg5 31. Kf1 Bc1 32. Rxc1 a1=Q 33. Rxa1 Rxa1+
34. Ke2 f6 35. f4 Kf7 36. Kf3 Ke8 37. Bb4 f5 38. Kg3 Kd7 39. Kf3 Kc6 40. Bf8 Rc1
41. Bb4 Kd5 42. Kg3 Ke4 43. f3+ Kd5 44. Ba5 Rc2 45. Bb4 Kc6 46. Ba5 h5 47. Kh4
g6 48. Kg5 Rh2 49. Kh4 Rg2 50. Bb4 Kd5 {Game drawn by mutual agreement} 1/2-1/2

[Event "Team 45 45 League T85"]
[Site "Internet Chess Club"]
[Date "2020.07.16"]
[Round "3"]
[White "Kingofknights"]
[Black "cap78red"]
[Result "1-0"]
[WhiteElo "1541"]
[BlackElo "1498"]
[Opening "Grünfeld defense"]
[ECO "D80"]
[Time "10:30:41"]
[TimeControl "2700+45"]

1. d4 Nf6 2. c4 g6 3. Nc3 d5 4. f3 Bg7 5. cxd5 Nxd5 6. e4 Nxc3 7. bxc3 c5 8. Be3
Nc6 9. Bb5 Qa5 10. Bxc6+ bxc6 11. Qd2 O-O 12. Ne2 cxd4 13. cxd4 Qxd2+ 14. Kxd2
c5 15. Rhc1 cxd4 16. Bxd4 Rd8 17. Ke3 e5 18. Bc5 Ba6 19. Rd1 Bh6+ 20. Kf2 Rdc8
21. Be3 Bxe3+ 22. Kxe3 Rc2 23. Rd2 Rac8 24. Rad1 Kg7 25. h4 Rd8 26. g3 Bc4 27.
Rxc2 Rxd1 28. Rxc4 Rd7 29. Ra4 f5 30. Ra6 Rc7 31. exf5 gxf5 32. Re6 f4+ 33. gxf4
exf4+ 34. Nxf4 Kf7 35. Ra6 Re7+ 36. Kd4 Rc7 37. Rh6 Kg8 38. Nd5 Rc2 39. Ra6 Rh2
40. h5 Rh4+ 41. Ke3 Kf8 42. Nf6 Rh3 43. Nxh7+ Kg8 44. Nf6+ Kf8 45. h6 Kf7 46.
Ng4 Kg8 47. Rxa7 Kh8 48. a4 Rxh6 49. Ra8+ Kg7 50. Nxh6 Kxh6 51. Rg8 {Black
resigns} 1-0

[Event "Team 45 45 League T85"]
[Site "Internet Chess Club"]
[Date "2020.07.17"]
[Round "3"]
[White "nosir"]
[Black "tightfist"]
[Result "0-1"]
[WhiteElo "1403"]
[BlackElo "1526"]
[Opening "Queen's pawn: Yusupov-Rubinstein system"]
[ECO "A46"]
[Time "18:01:28"]
[TimeControl "2700+45"]

1. d4 Nf6 2. Nf3 e6 3. e3 Be7 4. Bd3 O-O 5. O-O c5 6. b3 Nc6 7. Bb2 Qb6 8. a3 d5
9. dxc5 Qxc5 10. Nbd2 b6 11. Ne5 Nxe5 12. Bxe5 Bb7 13. Qe2 Rac8 14. b4 Qc6 15.
Rac1 d4 16. Nf3 dxe3 17. fxe3 Qd7 18. Ng5 h6 19. Bxf6 Bxf6 20. Bh7+ Kh8 21. Rxf6
gxf6 22. Qh5 Kg7 23. Ne4 Bxe4 24. Bxe4 f5 25. Bd3 Qe7 26. Rf1 Qg5 27. Qe2 Qg4
28. Rf3 Kh7 29. Qf2 Rc7 30. Rg3 Qd1+ 31. Qf1 Qxf1+ 32. Kxf1 Rg8 33. Rf3 Rc3 34.
e4 Rxa3 35. exf5 Ra1+ 36. Kf2 exf5 37. Rxf5 Kg7 38. Bc4 Rf8 39. b5 Ra4 40. Bb3
Rd4 41. Kf3 Kg6 42. Re5 Kf6 43. Re3 Rb4 44. c4 Rc8 45. Rd3 Rxb3 46. Rxb3 Rxc4
47. h3 Kf5 48. Ra3 Rc7 49. h4 h5 50. Ra4 f6 51. Rf4+ Kg6 52. g3 f5 53. Rb4 Rc3+
54. Kf2 Kf6 55. Kg2 Ke5 56. Kf2 Kd5 57. Kg2 Rc4 58. Rb1 Ke4 59. Rb3 f4 60. gxf4
Kxf4 61. Kh3 Rc1 62. Rb4+ Kf3 63. Rb3+ Ke4 64. Rb4+ Kd5 65. Kg3 Rc3+ 66. Kg2 Rc4
67. Rb1 Rxh4 68. Ra1 Rg4+ 69. Kf3 Rg7 70. Rh1 Rh7 71. Kf4 Kc5 72. Rb1 h4 73. Kg5
h3 74. Kg4 h2 75. Rh1 Kxb5 76. Kg3 a5 77. Rb1+ Ka6 78. Kg2 h1=Q+ 79. Rxh1 Rxh1
80. Kxh1 Kb5 81. Kg1 Kc4 82. Kf1 Kc3 83. Ke1 Kc2 84. Ke2 a4 {White resigns} 0-1

[Event "Team 45 45 League T85"]
[Site "Internet Chess Club"]
[Date "2020.07.21"]
[Round "3"]
[White "Chess4Him"]
[Black "Gojira"]
[Result "0-1"]
[WhiteElo "1426"]
[BlackElo "1622"]
[Opening "Queen's pawn, Mason variation"]
[ECO "D00"]
[Time "13:00:20"]
[TimeControl "2700+45"]

1. d4 d5 2. Bf4 c6 3. e3 Bf5 4. c4 e6 5. Nc3 Bd6 6. Bg3 Nf6 7. Nf3 Ne4 8. Bxd6
Qxd6 9. c5 Qe7 10. Be2 Nd7 11. h3 h6 12. Nd2 Ndf6 13. Ncxe4 Nxe4 14. Nxe4 dxe4
15. O-O e5 16. Bg4 Be6 17. Bxe6 Qxe6 18. Qc2 exd4 19. exd4 Rd8 20. Rad1 f5 21.
Qc3 O-O 22. Rfe1 Qf7 23. a4 Rd5 24. b4 a6 25. Re3 Rfd8 26. Re2 Qf6 27. Red2 Qg5
28. Qe3 Qe7 29. f3 Qh4 30. fxe4 fxe4 31. Re2 Qf6 32. Red2 Qh4 33. Kh2 Rf8 34. g3
Qe7 35. Rc1 Rdf5 36. Re1 Qf6 37. Rg2 Re8 38. Ree2 Rf3 39. Qd2 Rd3 40. Qa2+ Kh8
41. Rgf2 Qxd4 42. Qf7 Qd7 43. Kg2 Rd4 44. Qxd7 Rxd7 45. Rd2 Red8 46. Rxd7 Rxd7
47. Rb2 Kg8 48. Kf2 Kf7 49. Ke3 Rd3+ 50. Kf4 e3 51. Re2 Rd4+ 52. Kxe3 Rxb4 53.
Rf2+ Ke7 54. Rf4 a5 55. Rxb4 axb4 56. Kd3 Ke6 57. Kc4 b3 58. Kxb3 Kd5 59. Kb4
Kd4 60. h4 h5 61. a5 g6 62. Kb3 Kxc5 63. Ka4 Kc4 64. a6 bxa6 65. Ka5 Kd3 {White
resigns} 0-1

[Event "Team 45 45 League T85"]
[Site "Internet Chess Club"]
[Date "2020.07.17"]
[Round "3"]
[White "rkjulianjr"]
[Black "dpmdpm"]
[Result "1/2-1/2"]
[WhiteElo "1363"]
[BlackElo "1446"]
[Opening "King's Indian: Sämisch, orthodox variation"]
[ECO "E85"]
[Time "13:00:42"]
[TimeControl "2700+45"]

1. d4 Nf6 2. c4 g6 3. f3 Bg7 4. e4 d6 5. Nc3 O-O 6. Be3 e5 7. Nge2 exd4 8. Nxd4
Qe7 9. Qd2 Bd7 10. Be2 Nc6 11. O-O Nxd4 12. Bxd4 Bc6 13. Rad1 a6 14. Rfe1 Nd7
15. Bxg7 Kxg7 16. Nd5 Bxd5 17. cxd5 Kg8 18. Rc1 Rac8 19. Rc3 Nb8 20. Rec1 c6 21.
a3 Rc7 22. b4 Rfc8 23. Qe3 cxd5 24. Rxc7 Rxc7 25. Rxc7 Qxc7 26. exd5 Qd8 27. a4
Nd7 28. Qa7 Qe8 29. Kf2 Qb8 30. Qe3 Qf8 31. Qa7 Qb8 32. Qe3 Qf8 33. Qa7 Qb8
{Game drawn by repetition} 1/2-1/2

[Event "Team 45 45 League T85"]
[Site "Internet Chess Club"]
[Date "2020.07.18"]
[Round "3"]
[White "Ostap-Bender"]
[Black "CMAlge"]
[Result "0-1"]
[WhiteElo "1288"]
[BlackElo "1235"]
[Opening "Ruy Lopez: Berlin defense"]
[ECO "C65"]
[Time "17:02:15"]
[TimeControl "2700+45"]

1. e4 e5 2. Nf3 Nc6 3. Bb5 Nf6 4. d3 d6 5. O-O Be7 6. c3 O-O 7. Re1 Be6 8. d4
exd4 9. cxd4 Bg4 10. Bxc6 bxc6 11. Nc3 Re8 12. Qd3 Qd7 13. Bd2 Red8 14. Rac1
Rab8 15. b3 Rb4 16. Ne2 Rb5 17. Ng3 Rbb8 18. h3 Bxf3 19. Qxf3 c5 20. d5 c6 21.
Nf5 Bf8 22. Bc3 Ne8 23. Qg3 g6 24. Qg5 cxd5 25. exd5 Qxf5 26. Qd2 Bg7 27. Ba5
Rd7 28. Rc4 Be5 29. Qe3 Re7 30. Bc3 Bh2+ {White resigns} 0-1

[Event "Team 45 45 League T85"]
[Site "Internet Chess Club"]
[Date "2020.07.18"]
[Round "3"]
[White "seldredg"]
[Black "tasawyer81"]
[Result "0-1"]
[WhiteElo "1289"]
[BlackElo "1161"]
[Opening "English: four knights system"]
[ECO "A28"]
[Time "12:59:42"]
[TimeControl "2700+45"]

1. c4 e5 2. Nc3 Nc6 3. Nf3 Nf6 4. d4 exd4 5. Nxd4 Bb4 6. Bg5 O-O 7. Qc2 Nxd4 8.
Qd2 Bxc3 9. Qxc3 c5 10. e3 h6 11. Bh4 Re8 12. O-O-O Nf5 13. Bg3 Ne4 14. Qd3
Nfxg3 15. hxg3 Nxf2 16. Qc2 Nxh1 17. Bd3 Nxg3 18. b3 Qg5 19. Kb2 g6 20. e4 Qe5+
21. Kb1 Nxe4 22. Kc1 Qa1+ 23. Qb1 Qxb1+ 24. Bxb1 Nc3 25. Rh1 h5 26. Bc2 Kg7 27.
Kb2 Ne4 28. Re1 f5 29. Bd1 d6 30. Bf3 Bd7 31. g3 Bc6 32. Rd1 Rad8 {White
resigns} 0-1

[Event "Team 45 45 League T85"]
[Site "Internet Chess Club"]
[Date "2020.07.21"]
[Round "3"]
[White "olivermx"]
[Black "stanbeers"]
[Result "1-0"]
[WhiteElo "1378"]
[BlackElo "1388"]
[Opening "Caro-Kann: advance variation"]
[ECO "B12"]
[Time "17:04:57"]
[TimeControl "2700+45"]

1. e4 c6 2. d4 d5 3. e5 Bf5 4. Nf3 e6 5. Be2 Bb4+ 6. c3 Ba5 7. O-O Ne7 8. Be3 h6
9. Nbd2 Nd7 10. Re1 Bb6 11. Rc1 a6 12. Nf1 c5 13. Ng3 Rc8 14. Nh4 Bg6 15. Nxg6
Nxg6 16. f4 cxd4 17. cxd4 Nh4 18. Bg4 O-O 19. f5 Rxc1 20. Qxc1 exf5 21. Nxf5
Nxf5 22. Bxf5 g5 23. Qd1 Kg7 24. Qg4 Nb8 25. Rc1 Nc6 26. h4 Nxe5 27. Qg3 Qf6 28.
hxg5 hxg5 29. Rf1 Nc4 30. Bd3 Qe7 31. Bxg5 Bxd4+ 32. Be3+ Kh8 33. Qh3+ {Black
resigns} 1-0

[Event "Team 45 45 League T85"]
[Site "Internet Chess Club"]
[Date "2020.07.19"]
[Round "3"]
[White "xingon"]
[Black "MartyJR"]
[Result "1-0"]
[WhiteElo "1400"]
[BlackElo "1580"]
[Opening "Queen's bishop game"]
[ECO "D00"]
[Time "12:07:53"]
[TimeControl "2700+45"]

1. d4 d5 2. Bf4 Nf6 3. Nf3 c6 4. e3 Bf5 5. c4 e6 6. c5 h6 7. Bd3 Bxd3 8. Qxd3
Be7 9. Nbd2 Nbd7 10. Ne5 Nxe5 11. Bxe5 O-O 12. O-O-O b6 13. b4 bxc5 14. dxc5 a5
15. a3 axb4 16. axb4 Nd7 17. Nf3 Bf6 18. Bxf6 Nxf6 19. Kd2 Ra2+ 20. Ke1 Qb8 21.
Rb1 Qa8 22. Nd2 Rb8 23. Qb3 Nd7 24. Qc3 Qa7 25. Ke2 Nf6 26. Kf3 Qa6 27. Rb2 Rxb2
28. Qxb2 Qd3 29. Qd4 Qxd4 30. exd4 Rxb4 31. Ke3 Rb8 32. h3 Nd7 33. Nf3 f6 34.
Nh4 e5 35. Nf5 exd4+ 36. Nxd4 Nxc5 37. Nxc6 Re8+ 38. Kd4 Ne4 39. f3 Ng3 40. Ra1
Kf7 41. Kxd5 Re2 42. Ra7+ Kg6 43. Ne7+ Kh7 44. h4 Rxg2 45. Ke6 Rf2 46. Kf7 Rxf3
47. Ra8 Nh5 48. Ng6 {Black resigns} 1-0

[Event "Team 45 45 League T85"]
[Site "Internet Chess Club"]
[Date "2020.07.21"]
[Round "3"]
[White "Andaluz"]
[Black "rawtoureux"]
[Result "1/2-1/2"]
[WhiteElo "1356"]
[BlackElo "1316"]
[Opening "English: four knights, Nimzovich variation"]
[ECO "A22"]
[Time "12:08:35"]
[TimeControl "2700+45"]

1. c4 e5 2. Nc3 Nf6 3. e4 Nc6 4. Nf3 Bc5 5. h3 d6 6. d3 h6 7. Bd2 O-O 8. Na4 b6
9. a3 Bd4 10. Nc3 g5 11. Rb1 Kh7 12. Nb5 Rg8 13. Bc3 Bc5 14. b4 a6 15. bxc5 bxc5
16. a4 axb5 17. axb5 Nd4 18. g4 Ne6 19. Bd2 Kg7 20. Bg2 h5 21. Nxg5 Nxg5 22.
Bxg5 hxg4 23. hxg4 Bxg4 24. f3 Be6 25. Bh3 Rh8 26. Bg2 Rxh1+ 27. Bxh1 Qh8 28.
Bxf6+ Kxf6 29. Bg2 Rg8 30. Qd2 Bh3 31. Bxh3 Rg1+ 32. Bf1 Rxf1+ 33. Kxf1 Qh1+ 34.
Kf2 Qxb1 35. Kg2 Ke6 {Game drawn by mutual agreement} 1/2-1/2

[Event "Team 45 45 League T85"]
[Site "Internet Chess Club"]
[Date "2020.07.18"]
[Round "3"]
[White "chessnutdale"]
[Black "oldbookseller"]
[Result "1-0"]
[WhiteElo "1399"]
[BlackElo "986"]
[Opening "KP: King's head opening"]
[ECO "C20"]
[Time "15:02:48"]
[TimeControl "2700+45"]

1. e4 e5 2. f3 Nc6 3. Bc4 Qf6 4. Ne2 Bc5 5. c3 Nge7 6. a4 Na5 7. Ba2 O-O 8. b4
Qh4+ 9. Ng3 Bb6 10. bxa5 Bc5 11. d4 exd4 12. cxd4 Bb4+ 13. Nd2 Nc6 14. O-O Nxd4
15. Nc4 Bc5 16. Be3 d6 17. Bxd4 Bb4 18. Bf2 Bd7 19. Qd4 f6 20. Nxd6+ Be6 21.
Bxe6+ Kh8 22. Ngf5 Qh5 23. Nxb7 c5 24. Qd7 Rg8 25. Nbd6 Bc3 26. Nf7+ {Black
resigns} 1-0

[Event "Team 45 45 League T85"]
[Site "Internet Chess Club"]
[Date "2020.07.20"]
[Round "3"]
[White "cadmiumorange"]
[Black "fledermaus"]
[Result "1/2-1/2"]
[WhiteElo "1810"]
[BlackElo "1877"]
[Opening "Sicilian defense"]
[ECO "B40"]
[Time "13:00:50"]
[TimeControl "2700+45"]

1. e4 c5 2. Nf3 e6 3. d3 Nc6 4. g3 g6 5. Bg2 Bg7 6. O-O Nge7 7. c3 d5 8. exd5
Nxd5 9. d4 cxd4 10. cxd4 O-O 11. Nc3 Qb6 12. Na4 {Game drawn by mutual
agreement} 1/2-1/2

[Event "Team 45 45 League T85"]
[Site "Internet Chess Club"]
[Date "2020.07.19"]
[Round "3"]
[White "justice02"]
[Black "BrianWood"]
[Result "1/2-1/2"]
[WhiteElo "1537"]
[BlackElo "1588"]
[Opening "Ruy Lopez: closed (with ...d6)"]
[ECO "C90"]
[Time "16:02:57"]
[TimeControl "2700+45"]

1. e4 e5 2. Nf3 Nc6 3. Bb5 a6 4. Ba4 Nf6 5. O-O Be7 6. Re1 b5 7. Bb3 d6 8. c3
O-O 9. Qe2 Bg4 10. d3 Na5 11. Bc2 c5 12. Nbd2 Be6 13. Nf1 Nc6 14. Ng3 Qc7 15.
Nf5 Bxf5 16. exf5 Rfe8 17. Ng5 d5 18. Qf3 Bd6 19. g3 h6 20. Nh3 c4 21. Qg2 cxd3
22. Bxd3 Re7 23. Bd2 Rae8 24. a4 e4 25. axb5 exd3 26. bxc6 Rxe1+ 27. Rxe1 Rxe1+
28. Bxe1 Qxc6 29. Qf3 Qb5 30. b4 a5 31. bxa5 Qxa5 32. Qxd3 Ne4 33. f3 Qa1 34.
Kf1 Nf6 35. Nf2 h5 36. Nd1 Qa2 37. Bf2 h4 38. Kg2 Bc5 39. gxh4 Nh5 40. Kf1 Bxf2
41. Nxf2 Nf4 42. Qe3 Qa1+ {Game drawn by mutual agreement} 1/2-1/2

[Event "Team 45 45 League T85"]
[Site "Internet Chess Club"]
[Date "2020.07.19"]
[Round "3"]
[White "JeffH"]
[Black "Grenadier"]
[Result "1-0"]
[WhiteElo "1760"]
[BlackElo "1578"]
[Opening "Caro-Kann: Steinitz variation"]
[ECO "B17"]
[Time "10:00:25"]
[TimeControl "2700+45"]

1. e4 c6 2. d4 d5 3. Nd2 dxe4 4. Nxe4 Nd7 5. Ng5 Ngf6 6. Bd3 e6 7. N1f3 h6 8.
Nxe6 fxe6 9. Bg6+ Ke7 10. O-O Qc7 11. Re1 Kd8 12. c4 Bb4 13. Re2 Nf8 14. Bc2 Bd6
15. g3 Qe7 16. Qd3 Bd7 17. Qb3 Rb8 18. Bd2 g5 19. Rae1 Qg7 20. Bc3 h5 21. d5
exd5 22. cxd5 Qf7 23. Nxg5 Qg7 24. h4 Rh6 25. dxc6 Bxc6 26. Nf7+ Kc7 27. Nxd6
Kxd6 28. Be5+ Kd7 29. Bf5+ Kd8 30. Bxb8 N6d7 31. Rd1 Rf6 32. Bxd7 Bxd7 33. Qxb7
Qg4 34. Qc7# {Black checkmated} 1-0

[Event "Team 45 45 League T85"]
[Site "Internet Chess Club"]
[Date "2020.07.19"]
[Round "3"]
[White "GoIrish"]
[Black "mongmong"]
[Result "0-1"]
[WhiteElo "1479"]
[BlackElo "1440"]
[Opening "Réti opening"]
[ECO "A04"]
[Time "16:01:09"]
[TimeControl "2700+45"]

1. Nf3 e6 2. g3 Nf6 3. Bg2 d5 4. O-O Be7 5. d3 O-O 6. Nbd2 c5 7. e4 Nc6 8. e5
Nd7 9. Re1 b5 10. Nf1 a5 11. h4 f5 12. exf6 Nxf6 13. Bh3 e5 14. Bg2 Bg4 15. N1h2
Bh5 16. c3 h6 17. Qc2 Qc7 18. Nf1 Rad8 19. Ne3 Bg6 20. Bh3 e4 21. dxe4 Nxe4 22.
Be6+ Kh8 23. Qe2 Nxg3 24. Qxb5 Rxf3 25. Nxd5 Qd6 26. Nf4 Bd3 27. Nxd3 Rxd3 28.
Bf4 Qxf4 29. Qxc6 Bxh4 30. Qxc5 Ne4 31. Rxe4 Qxe4 32. Bf5 Rd1+ 33. Rxd1 Rxd1+
34. Kh2 Qh1# {White checkmated} 0-1